 Dungeon Crawl Stone Soup version 0.31-a0-836-g3ceb0a68c4 (webtiles) character file.

Game seed: 16066767816830907321

12649 tilp the Covert (level 11, -9/85 HPs)
             Began as a Vampire Enchanter on Sept 26, 2023.
             Was a Follower of Wu Jian.
             Mangled by Snorg (13 damage)
             ... on level 11 of the Dungeon.
             The game lasted 00:17:17 (11675 turns).

tilp the Covert (Vampire Enchanter)                Turns: 11675, Time: 00:17:18

Health: -9/85      AC:  9    Str:  7    XL:     11   Next: 65%
Magic:  10/20      EV: 14    Int: 22    God:    Wu Jian [*.....]
Gold:   290        SH:  5    Dex: 15    Spells: 11/22 levels left

rFire   + . .        a - +1 dagger (vamp)
rCold   + . .        (no shield)
rNeg    . . .        h - +0 robe
rPois   .            (no helmet)
rElec   .            y - +1 cloak
rCorr   .            e - +2 pair of gloves
SInv    +            n - +1 pair of boots
Will    +....        l - amulet of reflection
Stlth   +++++        o - ring of protection from fire
HPRegen 0.54/turn    t - ring of protection from cold
MPRegen 0.17/turn

%: reflection
@: healing quickly
A: alive, fangs 3, see invisible, vampiric 2
a: Exsanguinate, Renounce Religion


You were on level 11 of the Dungeon.
You worshipped Wu Jian.
Wu Jian was aware of your devotion.
You visited 2 branches of the dungeon, and saw 12 of its levels.

You collected 600 gold pieces.
You spent 310 gold pieces at shops.

Inventory:

Hand Weapons
 a - a +1 vampiric dagger (weapon)
 b - a +3 dagger
 T - a +4 dagger of chaos
Missiles
 d - 10 atropa-tipped darts
 j - 44 poisoned darts (quivered)
 v - a curare-tipped dart
 L - 10 boomerangs
 N - 2 throwing nets
Armour
 e - a +2 pair of gloves (worn)
 h - a +0 robe (worn)
 n - a +1 pair of boots (worn)
 y - a +1 cloak (worn)
 B - an orb of light
Magical Staves
 m - a staff of poison
 u - a staff of air
Jewellery
 l - an amulet of reflection (around neck)
 o - a ring of protection from fire (left hand)
 t - a ring of protection from cold (right hand)
 A - an amulet of the acrobat
 I - a +6 ring of intelligence
 J - a ring of protection from fire
 U - a ring of poison resistance
Wands
 s - a wand of iceblast (4)
 D - a wand of mindburst (20)
 S - a wand of paralysis (4)
Scrolls
 q - 5 scrolls of immolation
 F - 2 scrolls of teleportation
 G - a scroll of torment
 H - a scroll of poison
 M - 2 scrolls of revelation
 O - a scroll of brand weapon {unknown}
 Q - 3 scrolls of fear
 R - a scroll of vulnerability
 V - a scroll of fog
Potions
 c - 2 potions of invisibility
 f - 2 potions of brilliance
 g - 8 potions of curing
 i - a potion of resistance {unknown}
 k - 3 potions of enlightenment
 p - 2 potions of magic {unknown}
 r - 3 potions of heal wounds
 w - 3 potions of attraction {unknown}
 x - 5 potions of mutation
 z - 3 potions of ambrosia
 C - 3 potions of might {unknown}
 E - 4 potions of haste {unknown}
 K - a potion of cancellation {unknown}
 P - a potion of lignification {unknown}
Miscellaneous
 W - a phantom mirror


   Skills:
 * Level 7.7 Fighting
 - Level 10.0 Short Blades
 + Level 2.8 Armour
 + Level 5.5 Dodging
 + Level 11.5 Stealth
 + Level 6.0 Spellcasting
 - Level 2.0 Conjurations
 * Level 10.8 Hexes
 - Level 2.0 Ice Magic
 + Level 3.7 Evocations


You had 11 spell levels left.
You knew the following spells:

 Your Spells              Type           Power      Damage    Failure   Level
a - Ensorcelled Hibernat  Hex/Ice        68%        N/A       1%          2
b - Confusing Touch       Hex            53%        N/A       1%          3
c - Tukima's Dance        Hex            53%        N/A       1%          3
d - Dazzling Flash        Conj/Hex       68%        N/A       1%          3

Your spell library contained the following spells:

 Spells                   Type           Power      Damage    Failure   Level
 Cause Fear               Hex            26%        N/A       1%          4
 Shock                    Conj/Air       44%        1d5       6%          1
 Sting                    Tmut/Pois      24%        1d4       9%          1
 Poisonous Vapours        Pois/Air       12%        N/A       14%         2
 Swiftness                Air            6%         N/A       26%         3
 Volatile Blastmotes      Fire/Tloc      12%        2d11      26%         3
 Airstrike                Air            3%         2d(1-17)  65%         4
 Olgreb's Toxic Radiance  Pois           6%         N/A       65%         4
 Fireball                 Conj/Fire      5%         3d5       86%         5
 Starburst                Conj/Fire      5%         6d4       100%        6
 Maxwell's Capacitive Co  Air            3%         ∞         100%        8
 Dragon's Call            Summ           3%         N/A       100%        9


Dungeon Overview and Level Annotations

Branches:
Dungeon (11/15)            Temple (1/1) D:7            Lair (0/5) D:8
    Orc (0/2) D:11

Altars:
Ashenzari
Cheibriados
Dithmenos
Fedhas
Gozag
Hepliaklqana
Kikubaaqudgha
Makhleb
Nemelex Xobeh
Okawaru
Qazlal
Ru
Sif Muna
Trog
Uskayaw
Vehumet
Wu Jian
Xom
Yredelemnul

Shops:
D:2 *   D:8 ?

Annotations:
D:7 3 runed translucent doors, gabibbone's ghost, novice OgSh
D:11 Snorg


Innate Abilities, Weirdness & Mutations

Your natural rate of healing is accelerated.
You have razor-sharp teeth.
You have supernaturally acute eyesight. (SInv)
You are afflicted with vampirism and can become a bat while bloodless.


Message History

Snorg is no longer blind.
Snorg bites you!! Snorg claws you but does no damage. x2
Snorg closely misses you. Snorg completely misses you.
You block Snorg's attack.
You hit Snorg.
Snorg is moderately wounded.
Unknown command.
Casting: Dazzling Flash (safe; 1% risk of failure)
Confirm with . or Enter, or press ? or * to list all spells.
You can't see any susceptible monsters within range! (Use Z to cast anyway.) Unknown command.
Unknown command.
Casting: Dazzling Flash (safe; 1% risk of failure)
Confirm with . or Enter, or press ? or * to list all spells.
Casting: Dazzling Flash (safe; 1% risk of failure)
Press: ? - help, Dir - look around, f - activate Snorg bites you!
You block Snorg's attack. Snorg claws you but does no damage. Snorg bites you!!
Snorg misses you. You block Snorg's attack.
Unknown command.
Unknown command.
Unknown command.
Casting: Dazzling Flash (safe; 1% risk of failure)
Confirm with . or Enter, or press ? or * to list all spells.
Casting: Dazzling Flash (safe; 1% risk of failure)
Press: ? - help, Dir - look around, f - activate Snorg closely misses you.
Snorg claws you!
* * * LOW HITPOINT WARNING * * *
Snorg barely misses you.
Unknown command.
Unknown command.
Unknown command.
Casting: Dazzling Flash (safe; 1% risk of failure)
Confirm with . or Enter, or press ? or * to list all spells.
Casting: Dazzling Flash (safe; 1% risk of failure)
Press: ? - help, Dir - look around, f - activate Snorg bites you!
* * * LOW HITPOINT WARNING * * *
Snorg claws you!
* * * LOW HITPOINT WARNING * * *
Snorg closely misses you. Snorg bites you!
You die...

##...##..............
#..#.........#.....#.
###........#####.......
###.......#### #....#..
###......#.## *#.#..##.
#....#####.# *..#..#*.
####.#####.# *#.##...,.
#......T#### *..*#...,*
#####..@...####...,,,,,,
#.............,,,,,,
#......###....,,,,,,
#.............,,,,,,
#......#####..,,,,,,
#......# *,,,,,,,,
#......# *,,,,,,<,
#......# *,,,,,,,,
#$.....# *,,,,,,,,


You could see Snorg (berserk).

Vanquished Creatures
  A two-headed ogre (D:8)
  2 cyclopes (D:11)
  A gargoyle (D:10)
  An unseen horror (D:10)
  Psyche (D:10)
  2 trolls
  A hornet (D:9)
  Prince Ribbit (D:7)
  20 yaks
  6 wyverns
  Eustachio (D:5)
  A wraith (D:11)
  2 vampire mosquitoes (D:10)
  Menkaure (D:5)
  Edmund (D:6)
  6 water moccasins
  An orc warrior (D:11)
  3 ice beasts
  4 sky beasts
  3 black bears
  5 wolves (D:8)
  2 ogres
  A centaur (D:9)
  3 kobold brigands
  2 phantoms
  2 gnoll sergeants (D:9)
  2 bullfrogs (D:6)
  3 scorpions
  12 killer bees
  8 howler monkeys
  8 crimson imps (D:10)
  5 hounds
  2 jellies
  An orc priest (D:7)
  2 gnoll boudas
  3 iguanas
  6 orc wizards
  28 gnolls
  10 adders
  2 white imps
  3 worms
  6 dart slugs
  16 orcs
  7 endoplasms
  2 giant cockroaches
  7 hobgoblins
  15 jackals
  22 kobolds
  A quokka (D:1)
  9 ball pythons
  5 bats
  6 frilled lizards
  9 goblins
  5 rats
279 creatures vanquished.

Notes
Turn   | Place    | Note
-------+----------+-------------------------------------------
     0 | D:1      | tilp the Vampire Enchanter began the quest for the Orb.
     0 | D:1      | Reached XP level 1. HP: 13/13 MP: 3/3
   184 | D:1      | Reached XP level 2. HP: 18/20 MP: 5/5
   393 | D:1      | Learned a level 2 spell: Ensorcelled Hibernation
   758 | D:1      | Reached skill level 1 in Fighting
   775 | D:1      | Gained mutation: You are afflicted with vampirism and can
                  | become a bat while bloodless. [Vampire growth]
   775 | D:1      | Reached XP level 3. HP: 26/26 MP: 3/6
   782 | D:1      | Learned a level 3 spell: Confusing Touch
  1352 | D:2      | Found Vemahoim's General Store.
  1422 | D:2      | Bought a scroll of identify for 24 gold pieces
  1447 | D:2      | Reached XP level 4. HP: 26/32 MP: 7/7
  1577 | D:2      | Reached skill level 5 in Stealth
  2196 | D:3      | Found a faded altar of an unknown god.
  2218 | D:3      | Reached skill level 5 in Hexes
  2445 | D:3      | Reached XP level 5. HP: 38/38 MP: 1/8
  2897 | D:3      | Learned a level 3 spell: Tukima's Dance
  3077 | D:4      | Found a burning altar of Makhleb.
  3574 | D:5      | Entered Level 5 of the Dungeon
  3681 | D:5      | Noticed an ice beast
  3706 | D:5      | Killed an ice beast
  3707 | D:5      | Reached XP level 6. HP: 46/46 MP: 4/10
  3797 | D:5      | Found a stormy altar of Qazlal.
  3825 | D:5      | Noticed Menkaure
  3841 | D:5      | Reached skill level 1 in Evocations
  3878 | D:5      | Killed Menkaure
  3879 | D:5      | Reached XP level 7. HP: 48/51 MP: 7/11
  4001 | D:5      | Noticed Eustachio
  4053 | D:5      | Reached skill level 6 in Stealth
  4600 | D:5      | Killed Eustachio
  4722 | D:6      | Reached XP level 8. HP: 60/60 MP: 11/13
  4846 | D:6      | Noticed Edmund
  4850 | D:6      | Reached skill level 5 in Short Blades
  4923 | D:6      | Reached skill level 7 in Stealth
  5363 | D:6      | Killed Edmund
  5699 | D:2      | Bought 3 poisoned darts for 21 gold pieces
  5699 | D:2      | Bought a potion of ambrosia for 96 gold pieces
  5699 | D:2      | Bought 3 poisoned darts for 21 gold pieces
  5851 | D:7      | Noticed Prince Ribbit
  5898 | D:7      | Killed Prince Ribbit
  5899 | D:7      | Reached skill level 5 in Fighting
  5964 | D:7      | Reached skill level 8 in Stealth
  6119 | D:7      | Reached XP level 9. HP: 68/68 MP: 12/15
  6385 | D:7      | Found a staircase to the Ecumenical Temple.
  6395 | Temple   | Entered the Ecumenical Temple
  6450 | D:7      | Learned a level 3 spell: Dazzling Flash
  6739 | D:7      | Found a runed translucent gate.
  6739 | D:7      | Found a runed translucent gate.
  6739 | D:7      | Found a runed translucent gate.
  6827 | D:7      | Noticed gabibbone's ghost (novice OgSh)
  6972 | D:8      | Reached skill level 9 in Stealth
  6972 | D:8      | Reached skill level 5 in Spellcasting
  7123 | D:8      | Found a basalt altar of Yredelemnul.
  7164 | D:8      | Found a staircase to the Lair.
  7181 | D:8      | Reached skill level 10 in Stealth
  7198 | D:8      | Reached XP level 10. HP: 76/76 MP: 0/17
  7409 | D:8      | Reached skill level 10 in Short Blades
  7630 | D:8      | Noticed a two-headed ogre
  7633 | D:8      | Killed a two-headed ogre
  7634 | D:8      | Reached skill level 1 in Conjurations
  8151 | D:8      | Reached skill level 1 in Ice Magic
  8209 | D:8      | Found Jenikym's Magic Scroll Emporium.
  8217 | D:8      | Bought a scroll of fear for 44 gold pieces
  8217 | D:8      | Bought a scroll of identify for 22 gold pieces
  8217 | D:8      | Bought a scroll of enchant armour for 82 gold pieces
  8622 | D:9      | Reached skill level 1 in Armour
  8648 | D:9      | Identified the +6 ring mail of Slimy Joy {rC- Will- rCorr
                  | Int+8 Dex+3}
  8864 | D:9      | Found a bloodstained altar of Trog.
  8891 | D:9      | Found a hide-covered altar of Uskayaw.
  9013 | D:9      | Identified the +4 short sword of Uskayaw's Anger {chaos,
                  | Drain rElec Int+6}
  9168 | D:9      | Found a large runed translucent door.
  9168 | D:9      | Found a large runed translucent door.
  9928 | D:9      | Found an iron altar of Okawaru.
  9933 | D:9      | Found a snail-covered altar of Cheibriados.
  9969 | D:10     | Entered Level 10 of the Dungeon
  9998 | D:10     | Noticed Psyche
 10002 | D:10     | Noticed a gargoyle
 10004 | D:10     | Killed Psyche
 10009 | D:10     | Killed a gargoyle
 10010 | D:10     | Reached XP level 11. HP: 83/83 MP: 14/19
 10322 | D:10     | Reached skill level 5 in Dodging
 10471 | D:10     | Found an ornate altar of the Wu Jian Council.
 10471 | D:10     | Found a sparkling altar of Nemelex Xobeh.
 10472 | D:10     | Found a blossoming altar of Fedhas.
 10504 | D:10     | Became a worshipper of the Wu Jian Council
 10527 | D:10     | Found a radiant altar of Vehumet.
 10566 | D:10     | Reached skill level 11 in Stealth
 10818 | D:10     | Reached skill level 10 in Hexes
 11064 | D:10     | Reached * piety under Wu Jian
 11658 | D:11     | Noticed Snorg
 11675 | D:11     | HP: 4/85 [Snorg (9)]
 11675 | D:11     | Mangled by Snorg

Illustrated notes

Levels and vault maps discovered:
D:1:      orjb1_clovarrival, layout_basic
D:2:      layout_loops_corners, serial_shops, nicolae_shop_window_shopping
D:3:      layout_basic, hellmonk_ecumenical_altar_blasted, minmay_circle_x
D:4:      layout_rooms, lemuel_tele_altar, minmay_lizard_king
D:5:      layout_cave_pools, mainiacjoe_overflow_catwalk,
          minmay_stone_trees_small, minmay_holes, dk_vineyard_2, uniq_eustachio,
          uniq_menkaure
D:6:      layout_basic, uniq_edmund
D:7:      layout_rooms, minmay_temple_entry_gardened_gates, gammafunk_ghost_icy,
          st_stairs_9, grunt_decor_cap, uniq_prince_ribbit1
D:8:      layout_loops_corners, mainiacjoe_overflow_surrounded_room, tso_altar,
          minmay_lair_entry_grove, serial_shops, nicolae_shop_peninsula,
          kennysheep_doodads, dreamdust_princess_corridor
D:9:      layout_layer_cave, mainiacjoe_overflow_divided_tiny,
          jmf_multi_god_temple2
D:10:     layout_irregular_city, nicolae_overflow_quartered_altars,
          hangedman_decor_peaks_small, nicolae_two_hexagons,
          minmay_misc_feat_more_columns, minmay_nine_imps, uniq_psyche
D:11:     layout_rooms, orc_0_dummy, nicolae_shop_i_like_big_books, uniq_snorg
Temple:   nicolae_temple_ecumenical_triangle

Skill      XL: |  1  2  3  4  5  6  7  8  9 10 11 |
---------------+----------------------------------+-----
Fighting       | 1 2 3 5 6 7 |  7.7
Short Blades   | 2 3 4 6 9 10 | 10.0
Stealth        | 5 6 8 10 11 | 11.5
Hexes          | 5 6 7 8 9 10 | 10.8
Dodging        | 3 4 5 |  5.5
Evocations     | 1 2 3 |  3.7
Spellcasting   | 3 4 5 6 |  6.0
Conjurations   | 2 |  2.0
Ice Magic      | 2 |  2.0
Armour         | 1 2 |  2.8

Action                     |  1- 3 |  4- 6 |  7- 9 | 10-12 || total
---------------------------+-------+-------+-------+-------++-------
  Melee: Dagger            |   174 |   194 |   254 |   355 ||   977
         Bite              |    13 |    21 |    26 |    40 ||   100
         Punch             |       |       |     4 |     7 ||    11
  Throw: Stone             |     2 |       |       |       ||     2
   Cast: Ensorcelled Hiber |     5 |    15 |    86 |    92 ||   198
         Confusing Touch   |       |     3 |     2 |     6 ||    11
         Dazzling Flash    |       |       |     1 |    16 ||    17
Ability: Lunge             |       |       |       |    10 ||    10
         Whirlwind         |       |       |       |     1 ||     1
    Use: Scroll            |     5 |     8 |     4 |     6 ||    23
   Stab: Sleeping          |     7 |    22 |    50 |    67 ||   146
         Confused          |       |     4 |     2 |     6 ||    12
         Invisible         |       |       |     1 |    17 ||    18
         Distracted        |       |       |     1 |       ||     1
 Armour: Robe              |   105 |    68 |   121 |   146 ||   440
  Dodge: Dodged            |   122 |    90 |   118 |   217 ||   547
  Block: Other             |       |    33 |    55 |    74 ||   162
         Reflection        |       |       |       |     1 ||     1

Table legend: (Time is in decaauts)
 A = Elapsed time spent in this place.
 B = Non-inter-level travel time spent in this place.
 C = Inter-level travel time spent in this place.
 D = Time resting spent in this place.
 E = Time spent auto-exploring this place.
 F = Levels seen in this place.
 G = Mean time per level.
                   A        B        C        D        E       F      G
               +--------+--------+--------+--------+--------+-----+--------+
         Total |  11413 |  10821 |    592 |    643 |   8032 |  12 |  951.1 |
       Dungeon |  11411 |  10819 |    592 |    643 |   8032 |  11 | 1037.4 |
        Temple |      1 |      1 |      0 |      0 |      0 |   1 |    1.0 |
               +--------+--------+--------+--------+--------+-----+--------+

Top non-repeatable levels by time:
     D:8: 1508 daAuts
     D:9: 1477 daAuts
     D:5: 1310 daAuts
     D:1: 1200 daAuts
    D:10: 1160 daAuts
     D:7: 1040 daAuts
     D:2: 1013 daAuts
     D:3: 787 daAuts
     D:6: 727 daAuts
     D:4: 721 daAuts
    D:11: 463 daAuts
  Temple: 1 daAuts
